 Dungeon Crawl Stone Soup version bcrawl-1.12-10-g10a67aac0f (webtiles) character file.

Game seed: 13157928013114372814

4172 Gumption the Covert (level 10, -2/66 HPs)
             Began as a Dusk Walker Archaeologist on June 19, 2019.
             Was an Initiate of Gozag.
             Slain by an orc warrior
             ... wielding a +0 halberd
              (18 damage)
             ... in a bailey.
             The game lasted 01:02:30 (9718 turns).

Gumption the Covert (Dusk Walker Archaeologist)     Turns: 9718, Time: 01:02:31

Health: -2/66      AC: 17    Str: 14    XL:     10   Next: 7%
Magic:  10/10      EV: 13    Int: 15    God:    Gozag
Gold:   1620       SH:  4    Dex: 12    Spells: 9/9 levels left

rFire    + . .     SeeInvis .   b - +3 sling "Punk" {acid, rCorr}
rCold    . . .     Gourm    .   G - +0 buckler
rNeg     . . .     Faith    .   z - +0 ring mail {rF+}
rPois    +         Spirit   .   C - +2 hat {MR+}
rElec    .         Reflect  .   S - +2 cloak
rCorr    +         Harm     .   d - +2 pair of gloves
MR       ++...                  c - +1 pair of boots
Stlth    ++++++....             (no amulet)
HPRegen  0.21/turn              v - ring of poison resistance
MPRegen  0.12/turn              O - +2 ring of slaying

@: gold aura
A: draining touch, unencumbered stealth, fangs 3, nightstalker 1
a: Potion Petition, Call Merchant, Bribe Branch, Renounce Religion


You were in a bailey.
You worshipped Gozag.
Gozag was most pleased with you.
You were very hungry.

You visited 1 branch of the dungeon, and saw 9 of its levels.
You also visited: Ossuary and Bailey.

You collected 1654 gold pieces.
You paid 34 gold pieces to Gozag.

Inventory:

Hand Weapons
 a - a +1 dagger of venom
 b - the +3 sling "Punk" (weapon) {acid, rCorr}

   It provides partial protection from all sources of acid and corrosion.
 k - a +3 dagger
Missiles
 h - 853 stones
 r - 170 tomahawks
 F - 316 sling bullets (quivered)
Armour
 c - a +1 pair of boots (worn)
 d - a +2 pair of gloves (worn)
 z - a +0 ring mail of fire resistance (worn)
 C - a +2 hat of magic resistance (worn)
 G - a +0 buckler (worn)
 S - a +2 cloak (worn)
Jewellery
 v - a ring of poison resistance (left hand)
 x - an uncursed ring of ice
 E - an uncursed ring of protection from fire
 J - an uncursed ring of insulation
 N - an uncursed ring of wizardry
 O - a +2 ring of slaying (right hand)
Wands
 g - a wand of scattershot (6)
 n - a wand of polymorph (11)
 L - a wand of paralysis (8)
Scrolls
 l - 7 scrolls of teleportation
 m - a scroll of enchant weapon
 o - a scroll of brand weapon {unknown}
 p - a scroll of fear
 q - 2 scrolls of fog
 s - 7 scrolls of remove curse
Potions
 f - 2 potions of resistance {unknown}
 i - 2 potions of cancellation
 j - 5 potions of curing
 t - 2 potions of haste
 w - 2 potions of agility
 B - 2 potions of heal wounds
 D - a potion of might {unknown}
 H - 4 potions of lignification
 I - a potion of flight {unknown}
 K - 2 potions of brilliance {unknown}
 M - a potion of magic {unknown}
 P - a potion of ambrosia {unknown}
 Q - a potion of berserk rage
Comestibles
 e - 7 rations {!d}


   Skills:
 + Level 5.4 Fighting
 * Level 8.9 Slings
 + Level 5.7 Armour
 + Level 6.1 Dodging
 * Level 12.4 Stealth
 * Level 3.2 Shields


You had 9 spell levels left.
You didn't know any spells.
Your spell library contained the following spells:

 Spells                   Type           Power        Failure   Level  Hunger
 Magic Dart               Conj           #...         50%         1    ##.....


Dungeon Overview and Level Annotations

Branches:
Dungeon (9/12)             Temple (0/1) D:7            Lair (0/6) D:8
    Orc: D:8-11

Altars:
Ashenzari
Cheibriados
Fedhas
Gozag
Kikubaaqudgha
Lugonu
Nemelex Xobeh
Sif Muna
Trog
Vehumet
Xom
Yredelemnul

Shops:
D:7 ?

Annotations:
D:3 Grinder
D:4 1 runed translucent door, sentinel's ghost, amateur MiSA


Innate Abilities, Weirdness & Mutations

Your attacks drain your enemies.
You move stealthily even while encumbered by armour.
You have razor-sharp teeth.
You are slightly more attuned to the shadows.


Message History

* * * LOW HITPOINT WARNING * * *
You feel much better.
The orc warrior hits you from afar with a +0 halberd!
Firing (i - inventory. (/) - cycle)
F - 318 sling bullets (quivered)
Press: ? - help, Shift-Dir - straight line, f/p - orc warrior
Aim: an orc warrior, wielding a +0 halberd and wearing a +0 chain mail (unusually strong)
You shoot a sling bullet.
The sling bullet closely misses the orc warrior.
The orc warrior hits you from afar with a +0 halberd.
* * * LOW HITPOINT WARNING * * *
Firing (i - inventory. (/) - cycle)
F - 317 sling bullets (quivered)
Press: ? - help, Shift-Dir - straight line, f/p - orc warrior
Aim: an orc warrior, wielding a +0 halberd and wearing a +0 chain mail (unusually strong)
You shoot a sling bullet.
The sling bullet hits the orc warrior but does no damage.
The orc warrior is splashed with acid.
The acid corrodes the orc warrior!
The orc warrior is lightly wounded.
The orc warrior hits you from afar with a +0 halberd!!
You die...
Your body crumbles into a pile of gold.

$..##...##...
≈≈..#...#..≈≈
$
o≈≈.......≈≈.
o≈.......≈o
....o..≈
#..$# #@∩.#
##∩## ###


You could see 2 orc warriors.

Vanquished Creatures
  An orc knight (Bailey)
  2 hippogriffs
  A hungry ghost (D:8)
  Duvessa (D:4)
  A water moccasin (D:9)
  An ice beast (D:7)
  2 orc warriors (Bailey)
  2 sky beasts
  4 ogres
  2 crocodiles
  3 centaurs
  2 big kobolds (D:7)
  3 bullfrogs
  Dowan (D:4)
  A scorpion (D:7)
  9 wights
  A howler monkey (D:5)
  4 crimson imps
  A quasit (D:6)
  5 orc priests
  A bullfrog skeleton (D:6)
  5 hounds
  An iguana (D:7)
  A jelly (D:4)
  A centaur skeleton (D:8)
  Terence (D:2)
  Ijyb (D:4)
  An orc wizard (D:3)
  A worker ant (D:4)
  4 mummies
  A howler monkey zombie (D:8)
  9 adders
  5 oozes
  2 adder skeletons
  5 worms
  3 dart slugs
  4 leopard geckos
  26 orcs
  A ball python (D:1)
  7 bats
  3 giant cockroaches
  A gnoll zombie (Ossuary)
  3 goblins
  16 hobgoblins
  14 jackals
  6 quokkas
  5 frilled lizards
  3 goblin zombies (Ossuary)
  2 hobgoblin zombies
  14 kobolds
  4 kobold zombies
  A quokka skeleton (D:2)
  5 rats
204 creatures vanquished.

Vanquished Creatures (others)
  A goblin zombie (Ossuary)
1 creature vanquished.

Grand Total: 205 creatures vanquished

Notes
Turn   | Place    | Note
-------+----------+-------------------------------------------
     0 | D:1      | Gumption the Dusk Walker Archaeologist began the quest for
                  | the Orb.
     0 | D:1      | Reached XP level 1. HP: 13/13 MP: 1/1
    85 | D:1      | Reached skill level 5 in Stealth
   121 | D:1      | Reached XP level 2. HP: 18/18 MP: 2/2
   480 | D:1      | Reached skill level 1 in Armour
   694 | D:1      | Reached XP level 3. HP: 21/23 MP: 3/3
  1246 | D:2      | Noticed a sky beast
  1559 | D:2      | Reached skill level 1 in Slings
  1749 | D:2      | Found an opulent altar of Gozag.
  1780 | D:2      | Reached skill level 6 in Stealth
  1970 | D:2      | Gained mutation: You are slightly more attuned to the
                  | shadows. [Dusk Walker growth]
  1970 | D:2      | Reached XP level 4. HP: 19/29 MP: 4/4
  2004 | D:2      | Noticed Terence
  2015 | D:2      | Killed Terence
  2310 | D:2      | Found a radiant altar of Vehumet.
  2321 | D:2      | Identified Vehumet's Catalogue of Conjuration
  2325 | D:2      | Found a deep blue altar of Sif Muna.
  2325 | D:2      | Found an ancient bone altar of Kikubaaqudgha.
  2547 | D:2      | Became a worshipper of Gozag Ym Sagoz the Greedy
  2877 | D:3      | Reached XP level 5. HP: 32/34 MP: 5/5
  2953 | D:3      | Noticed Grinder
  3792 | D:3      | Reached skill level 7 in Stealth
  4104 | D:3      | Reached XP level 6. HP: 7/41 MP: 6/6
  4414 | D:3      | Found a snail-covered altar of Cheibriados.
  4418 | D:3      | Found a faded altar of an unknown god.
  4420 | D:3      | Found a faded altar of an unknown god.
  4422 | D:3      | Found a shattered altar of Ashenzari.
  4426 | D:3      | Found a shimmering altar of Xom.
  4685 | D:4      | Noticed Ijyb
  4687 | D:4      | Found a runed translucent door.
  4687 | D:4      | Noticed sentinel's ghost (amateur MiSA)
  4698 | D:4      | Killed Ijyb
  4784 | D:4      | Found a sand-covered staircase.
  4795 | Ossuary  | Entered an ossuary
  4795 | Ossuary  | Noticed a wraith
  4795 | Ossuary  | Noticed a wraith
  4796 | Ossuary  | Noticed a wraith
  5265 | Ossuary  | Noticed a wraith
  5382 | D:4      | Noticed Duvessa
  5389 | D:4      | Noticed Dowan
  5429 | D:4      | Reached skill level 8 in Stealth
  5429 | D:4      | Reached XP level 7. HP: 28/45 MP: 7/7
  5469 | D:3      | Reached skill level 5 in Slings
  5874 | D:4      | Killed Duvessa
  5887 | D:4      | Killed Dowan
  6045 | D:4      | Reached skill level 9 in Stealth
  6459 | D:5      | Entered Level 5 of the Dungeon
  6518 | D:5      | Gained mutation: You have razor-sharp teeth. [Dusk Walker
                  | growth]
  6518 | D:5      | Reached XP level 8. HP: 53/53 MP: 8/8
  6845 | D:5      | Found a sparkling altar of Nemelex Xobeh.
  7126 | D:6      | Reached skill level 5 in Dodging
  7126 | D:6      | Reached skill level 10 in Stealth
  7434 | D:6      | Noticed a hippogriff
  7437 | D:6      | Killed a hippogriff
  7443 | D:6      | Reached XP level 9. HP: 59/59 MP: 9/9
  7594 | D:6      | Found a basalt altar of Yredelemnul.
  7956 | D:7      | Reached skill level 11 in Stealth
  8012 | D:7      | Found a staircase to the Ecumenical Temple.
  8110 | D:7      | Found Xostraoh's Magic Scroll Shop.
  8184 | D:7      | Reached skill level 5 in Armour
  8288 | D:7      | Found a blossoming altar of Fedhas.
  8810 | D:8      | Reached skill level 1 in Shields
  8829 | D:8      | Got a shadowed robe
  8869 | D:8      | Found a staircase to the Lair.
  8878 | D:8      | Reached skill level 5 in Fighting
  9091 | D:8      | Identified the +1 robe of Calculation {*Corrode Int+4
                  | Dex+6} (You found it on level 8 of the Dungeon)
  9125 | D:8      | Found a bloodstained altar of Trog.
  9206 | D:8      | Found a corrupted altar of Lugonu.
  9629 | D:9      | Reached skill level 12 in Stealth
  9688 | D:9      | Found a flagged portal.
  9697 | Bailey   | Entered a bailey
  9697 | Bailey   | Noticed an orc knight
  9713 | Bailey   | Killed an orc knight
  9713 | Bailey   | Reached XP level 10. HP: 23/66 MP: 10/10
  9718 | Bailey   | Slain by an orc warrior

Skill      XL: |  1  2  3  4  5  6  7  8  9 |
---------------+----------------------------+-----
Stealth        | 5 6 7 8 9 10 12 | 12.4
Armour         | 1 2 3 4 5 |  5.7
Slings         | 1 2 3 4 6 7 8 |  8.9
Fighting       | 2 3 4 5 |  5.4
Dodging        | 4 5 6 |  6.1
Shields        | 3 |  3.2

Action                   |  1- 3 |  4- 6 |  7- 9 | 10-12 || total
-------------------------+-------+-------+-------+-------++-------
Melee: Short sword       |   147 |   264 |    39 |       ||   450
       Bite              |     8 |    27 |     6 |       ||    41
       Unarmed           |     1 |     3 |       |       ||     4
       Dagger            |       |       |    45 |       ||    45
 Fire: Hunting sling     |       |    58 |    28 |       ||    86
       Fustibalus        |       |       |   166 |     4 ||   170
Throw: Tomahawk          |    25 |       |       |       ||    25
Evoke: Wand              |       |       |     1 |       ||     1
  Use: Scroll            |     4 |     5 |    14 |       ||    23
       Potion            |       |     2 |     1 |     1 ||     4
 Stab: Sleeping          |     4 |    14 |     2 |       ||    20
  Eat: Chunk             |     3 |     3 |       |       ||     6
       Ration            |       |     2 |     4 |       ||     6
Armor: Robe              |    65 |    12 |       |       ||    77
       Ring mail         |       |    93 |    31 |       ||   124
Dodge: Dodged            |    89 |   143 |    66 |     1 ||   299
Block: Buckler           |       |       |     2 |       ||     2
